 Dungeon Crawl Stone Soup version 0.31.0-11-ge490571c62 (webtiles) character file.

Game seed: 11664841136128015613

15761 Bobbunny the Fighter (level 12, -3/106 HPs)
             Began as a Formicid Fighter on Jan 27, 2024.
             Was a Priest of Qazlal.
             Killed from afar by a gargoyle (17 damage)
             ... with a stone arrow
             ... on level 12 of the Dungeon.
             The game lasted 00:14:11 (11922 turns).

Bobbunny the Fighter (Formicid Fighter)            Turns: 11922, Time: 00:14:12

Health: -3/106     AC: 15    Str: 31    XL:     12   Next: 61%
Magic:  19/19      EV:  7    Int: 13    God:    Qazlal [***...]
Gold:   669        SH:  9    Dex: 13    Spells: 11/11 levels left

rFire   . . .        z - +0 battleaxe
rCold   . . .        c - +0 buckler
rNeg    . . .        m - +0 plate armour
rPois   +            (helmet unavailable)
rElec   .            p - +0 cloak
rCorr   .            (no gloves)
SInv    +            q - +1 pair of boots
Will    +....        y - amulet of faith Stlth
                     v - ring "Maun" {Str+6 Int+4 Slay+5}
HPRegen 0.37/turn    w - ring of poison resistance
MPRegen 0.16/turn

%: faith
@: no status effects
A: permanent stasis, dig shafts and tunnels, antennae 3, four strong arms
a: Dig, Shaft Self, Renounce Religion, Upheaval, Elemental Force


You were on level 12 of the Dungeon.
You worshipped Qazlal.
Qazlal was most pleased with you.
You visited 1 branch of the dungeon, and saw 12 of its levels.

You collected 669 gold pieces.

Inventory:

Hand Weapons
 i - the +5 scythe "Finisher" {speed, execute}
   (You found it on level 9 of the Dungeon)
 z - a +0 battleaxe (weapon)
Missiles
 a - 2 boomerangs (quivered)
 b - a poisoned dart
Armour
 c - a +0 buckler (worn)
 m - a +0 plate armour (worn)
 p - a +0 cloak (worn)
 q - a +1 pair of boots (worn)
Jewellery
 f - an amulet of regeneration
 r - a +4 ring of protection
 v - the ring "Maun" (left hand) {Str+6 Int+4 Slay+5}
   (You found it on level 9 of the Dungeon)

   [ring of strength]

   Str+6:     It affects your strength (+6).
   Int+4:     It affects your intelligence (+4).
   Slay+5:    It affects your accuracy & damage with ranged weapons and melee
   (+5).
 w - a ring of poison resistance (right hand)
 y - an amulet of faith (around neck)
 B - a ring of fire
Wands
 o - a wand of acid (8)
 s - a wand of paralysis (6)
 G - a wand of roots (6)
Scrolls
 e - a scroll of vulnerability
 j - 3 scrolls of enchant weapon
 k - a scroll of fog
 t - 2 scrolls of enchant armour
 E - a scroll of revelation
 F - a scroll of identify
 I - a scroll of immolation
Potions
 d - a potion of might
 g - a potion of ambrosia {unknown}
 h - 2 potions of berserk rage {unknown}
 l - 2 potions of attraction
 n - 7 potions of curing
 u - 2 potions of heal wounds
 x - a potion of experience {unknown}
 A - a potion of enlightenment {unknown}
 C - a potion of brilliance {unknown}
 D - a potion of resistance {unknown}
 H - a potion of degeneration {unknown}


   Skills:
 + Level 13.8 Fighting
 + Level 12.3 Axes
 - Level 2.8 Throwing
 - Level 5.0 Armour
 - Level 4.0 Shields
 - Level 10.0 Invocations


You had 11 spell levels left.
You didn't know any spells.
Your spell library contained the following spells:

 Spells                   Type           Power      Damage    Failure   Level
 Ensorcelled Hibernation  Hex/Ice        0%         N/A       99%         2
 Call Canine Familiar     Summ           0%         N/A       100%        3
 Dazzling Flash           Conj/Hex       0%         N/A       100%        3
 Fugue of the Fallen      Necr           0%         N/A       100%        3
 Sigil of Binding         Hex            0%         N/A       100%        3
 Volatile Blastmotes      Fire/Tloc      0%         2d10      100%        3
 Anguish                  Hex/Necr       0%         N/A       100%        4
 Animate Dead             Necr           0%         N/A       100%        4
 Dimensional Bullseye     Hex/Tloc       0%         N/A       100%        4
 Starburst                Conj/Fire      0%         6d3       100%        6
 Haunt                    Necr/Summ      0%         N/A       100%        7
 Infestation              Necr           0%         N/A       100%        8
 Maxwell's Capacitive Co  Air            0%         ∞         100%        8


Dungeon Overview and Level Annotations

Branches:
Dungeon (12/15)            Temple (0/1) D:5            Lair (0/5) D:11
    Orc: D:9-12

Altars:
Cheibriados
Fedhas
Kikubaaqudgha
Nemelex Xobeh
Okawaru
Qazlal
Uskayaw
Xom
Yredelemnul

Shops:
D:5 (

Portals:
Gauntlet: D:12


Innate Abilities, Weirdness & Mutations

You cannot be hasted, slowed, berserked, paralysed or teleported.
You can dig through walls and to a lower floor.
You have a pair of large antennae on your head. (SInv)
Your four strong arms can wield two-handed weapons with a shield.


Message History

You slice the wraith!!
The wraith is severely damaged.
You block the wraith's attack. The wraith hits you.
You slice the wraith!!
You destroy the wraith!
Qazlal accepts your kill.
You hit the gargoyle but do no damage. The gargoyle barely misses you.
You hit the gargoyle but do no damage. The gargoyle barely misses you.
You slash the two-headed ogre!
The two-headed ogre is moderately wounded.
You hit the gargoyle but do no damage. You block the two-headed ogre's attack.
The two-headed ogre misses you.
The gargoyle hits you with a +0 morningstar!!
You slash the two-headed ogre!
The two-headed ogre is heavily wounded.
You hit the gargoyle.
The gargoyle hits you but does no damage.
The two-headed ogre hits you with a +0 giant club!
The two-headed ogre hits you with a +0 giant club!!
You slash the two-headed ogre!
The two-headed ogre is severely wounded.
You hit the gargoyle but do no damage.
The gargoyle hits you with a +0 morningstar!
You slash the two-headed ogre!
You kill the two-headed ogre!
Qazlal accepts your kill.
You slash the gargoyle!
The gargoyle hits you with a +0 morningstar!!
* * * LOW HITPOINT WARNING * * *
Training target 10.0 for Invocations reached!
Your Invocations skill increases to level 10!
You hit the gargoyle but do no damage.
The gargoyle is severely damaged.
You hear the faint beating of a drum.
The gargoyle hurls a stone arrow at you.
The stone arrow hits you.
* * * LOW HITPOINT WARNING * * *
The gargoyle hurls a stone arrow at you.
The stone arrow hits you!
You die...

##......# ........#
.. ........#######...
..................
..................
..................
..................
#########.)9.........
#.......#.@..........
#.......#.○..........
.
#.......#...∩########
....####''###....#
.......<.........#
.................#
..........########
..........#
###########


You could see a gargoyle.

Vanquished Creatures
  5 two-headed ogres
  Erica (D:11)
  A skeletal warrior (D:9)
  Maurice (D:8)
  Maggie (D:7)
  2 komodo dragons
  4 trolls
  2 hornets
  Grinder (D:3)
  Prince Ribbit (D:8)
  A meliai zombie (D:10)
  A slime creature (D:11)
  8 wraiths
  Sigmund (D:5)
  A basilisk (D:11)
  2 shadows
  6 yaks (D:11)
  A wyvern (D:9)
  A steam dragon (D:8)
  6 water moccasins
  Duvessa (D:6)
  6 ice beasts
  4 orc warriors
  6 black bears
  2 sky beasts
  2 ogres
  4 centaurs
  2 phantoms (D:5)
  3 bullfrogs
  A scorpion (D:6)
  12 wights
  Dowan (D:6)
  11 killer bees (D:11)
  3 electric eels (D:10)
  3 howler monkeys
  3 bombardier beetles
  A hound (D:4)
  3 orc priests
  3 jellies (D:6)
  Terence (D:2)
  Jessica (D:2)
  Crazy Yiuf (D:2)
  10 orc wizards
  Natasha (thrice) (D:4)
  6 iguanas
  2 human simulacra (D:11)
  A howler monkey zombie (D:10)
  6 adders
  2 white imps
  2 ufetubi (D:6)
  2 dart slugs
  2 ribbon worms (D:3)
  29 orcs
  4 bats (D:1)
  8 endoplasms
  5 giant cockroaches
  5 goblins
  6 hobgoblins
  14 jackals
  4 kobolds
  4 quokkas
  4 ball pythons
  A frilled lizard (D:2)
  5 rats
246 creatures vanquished.

Vanquished Creatures (others)
  A two-headed ogre (D:11)
1 creature vanquished.

Grand Total: 247 creatures vanquished

Notes
Turn   | Place    | Note
-------+----------+-------------------------------------------
     0 | D:1      | Bobbunny the Formicid Fighter began the quest for the Orb.
     0 | D:1      | Reached XP level 1. HP: 18/18 MP: 1/1
   105 | D:1      | Reached XP level 2. HP: 24/24 MP: 2/2
   342 | D:1      | Reached XP level 3. HP: 30/30 MP: 3/3
   538 | D:1      | Reached skill level 4 in Fighting
   642 | D:2      | Noticed Jessica
   650 | D:2      | Killed Jessica
   651 | D:2      | Reached XP level 4. HP: 27/37 MP: 4/4
   957 | D:2      | Identified the +6 spear of the Forgotten Knives {venom,
                  | rElec rCorr Str+2 Dex-4}
   974 | D:2      | Found a runed translucent door.
   975 | D:2      | Noticed Crazy Yiuf
   985 | D:2      | Killed Crazy Yiuf
   986 | D:2      | Reached XP level 5. HP: 21/43 MP: 5/5
  1240 | D:2      | Noticed Terence
  1258 | D:2      | Killed Terence
  1259 | D:2      | Reached skill level 5 in Fighting
  1614 | D:3      | Noticed Grinder
  1630 | D:3      | Killed Grinder
  1631 | D:3      | Reached skill level 6 in Fighting
  1631 | D:3      | Reached skill level 5 in Axes
  1631 | D:3      | Reached XP level 6. HP: 43/52 MP: 6/6
  1631 | D:3      | Reached XP level 7. HP: 48/58 MP: 7/7
  1978 | D:4      | Noticed Natasha
  1986 | D:4      | Killed Natasha
  2207 | D:4      | Noticed Natasha
  2216 | D:4      | Killed Natasha
  2217 | D:4      | Reached skill level 7 in Fighting
  2436 | D:4      | Noticed Natasha
  2443 | D:4      | Killed Natasha
  2444 | D:4      | Reached XP level 8. HP: 65/67 MP: 8/8
  2543 | D:5      | Entered Level 5 of the Dungeon
  2718 | D:5      | Noticed Sigmund
  2743 | D:5      | Killed Sigmund
  2910 | D:5      | Found Udiawoh's Antique Weapon Boutique.
  3061 | D:5      | Reached skill level 8 in Fighting
  3266 | D:5      | Found a staircase to the Ecumenical Temple.
  3610 | D:6      | Reached skill level 5 in Armour
  3610 | D:6      | Reached XP level 9. HP: 47/75 MP: 9/9
  3812 | D:5      | Found a stormy altar of Qazlal.
  3812 | D:5      | Found an ancient bone altar of Kikubaaqudgha.
  3830 | D:5      | Became a worshipper of Qazlal Stormbringer
  4019 | D:6      | Reached skill level 9 in Fighting
  4402 | D:6      | Noticed Duvessa
  4424 | D:6      | Reached skill level 10 in Fighting
  4429 | D:6      | Killed Duvessa
  4514 | D:6      | Noticed Dowan
  4524 | D:6      | Killed Dowan
  4825 | D:7      | Found an iron altar of Okawaru.
  4832 | D:7      | Found a sparkling altar of Nemelex Xobeh.
  4834 | D:7      | Found a blossoming altar of Fedhas.
  4835 | D:7      | Found a snail-covered altar of Cheibriados.
  4842 | D:7      | Found a hide-covered altar of Uskayaw.
  4869 | D:7      | Reached XP level 10. HP: 82/85 MP: 10/10
  4889 | D:7      | Reached * piety under Qazlal
  5047 | D:7      | Noticed Maggie
  5059 | D:7      | Killed Maggie
  5060 | D:7      | Reached skill level 1 in Invocations
  5870 | D:8      | Reached skill level 11 in Fighting
  5947 | D:8      | Noticed a two-headed ogre
  5957 | D:8      | Killed a two-headed ogre
  5958 | D:8      | Reached skill level 10 in Axes
  6118 | D:8      | Noticed Maurice
  6131 | D:8      | Maurice stole an amulet of faith
  6136 | D:8      | Killed Maurice
  6222 | D:8      | Noticed Prince Ribbit
  6239 | D:8      | Killed Prince Ribbit
  6240 | D:8      | Reached skill level 5 in Invocations
  6739 | D:9      | Noticed a two-headed ogre
  6760 | D:9      | Killed a two-headed ogre
  6761 | D:9      | Reached XP level 11. HP: 69/95 MP: 15/15
  6767 | D:9      | Reached skill level 12 in Fighting
  7079 | D:9      | Noticed a skeletal warrior
  7325 | D:9      | Reached skill level 1 in Throwing
  7327 | D:9      | Reached ** piety under Qazlal
  7996 | D:9      | Killed a skeletal warrior
  8172 | D:9      | Found the +5 scythe "Finisher" {speed, execute}
  8257 | D:9      | Identified the ring "Maun" {Str+6 Int+4 Slay+5}
  8628 | D:10     | Entered Level 10 of the Dungeon
  8761 | D:10     | Found a shimmering altar of Xom.
  9500 | D:10     | Found a basalt altar of Yredelemnul.
 10567 | D:11     | Noticed a two-headed ogre
 10595 | D:11     | Killed a two-headed ogre
 10839 | D:11     | Noticed a two-headed ogre
 10846 | D:11     | Killed a two-headed ogre
 10847 | D:11     | Reached skill level 13 in Fighting
 10847 | D:11     | Reached XP level 12. HP: 98/105 MP: 18/18
 10933 | D:11     | Noticed a two-headed ogre
 10948 | D:11     | Killed a two-headed ogre
 11337 | D:11     | Reached *** piety under Qazlal
 11355 | D:11     | Found a staircase to the Lair.
 11695 | D:11     | Noticed Erica
 11707 | D:11     | Killed Erica
 11882 | D:12     | Found a gate leading to a gauntlet.
 11900 | D:12     | Noticed a two-headed ogre
 11921 | D:12     | Killed a two-headed ogre
 11922 | D:12     | Reached skill level 10 in Invocations
 11922 | D:12     | Killed from afar by a gargoyle

Illustrated notes

Levels and vault maps discovered:
D:1:      mushboom_english_gardens, layout_basic, minmay_misc_feat_x
D:2:      layout_rooms, nicolae_figureground_pulse, uniq_crazy_yiuf_cottage,
          uniq_terence, uniq_jessica
D:3:      layout_rooms, grunt_ministairs_11, wad_floor_pattern_2, uniq_grinder
D:4:      layout_cave_pools, uniq_natasha
D:5:      layout_basic, chequers_temple_overflow_statue_of_worship,
          minmay_temple_entry_from_below_a, serial_shops, shop, uniq_sigmund
D:6:      layout_rooms, dk_vineyard_3, minmay_misc_feat_hallway,
          skrybe_limestone_x, uniq_duvessa
D:7:      layout_loops_ring, nicolae_overflow_hallway_of_the_gods, uniq_maggie
D:8:      layout_loops_ring, uniq_prince_ribbit1, uniq_maurice
D:9:      layout_basic, grunt_ministairs_8, minmay_guarded_unrand_finisher
D:10:     layout_basic, xom_teletrap_fun, lemuel_zombie_altar_yredelemnul,
          serial_bayou, serial_bayou_ford_a, serial_bayou_lake_a,
          serial_bayou_shore_a, serial_bayou_pond_e, serial_bayou_shore_b,
          dk_noncrumbling_4
D:11:     layout_loops_corners, due_lair_maze_entry_diamond, bh_circular_ruins,
          uniq_erica
D:12:     evilmike_iron_armoury, layout_irregular_city, hiddenorc2_lemuel,
          gauntlet_entry_generic, kennysheep_boxes

Skill      XL: |  1  2  3  4  5  6  7  8  9 10 11 12 |
---------------+-------------------------------------+-----
Fighting       | 4 6 7 8 10 11 13 | 13.8
Axes           | 3 5 6 7 9 10 11 12 | 12.3
Armour         | 5 |  5.0
Invocations    | 6 8 10 | 10.0
Throwing       | 2 |  2.8
Shields        | |  4.0

Action                     |  1- 3 |  4- 6 |  7- 9 | 10-12 || total
---------------------------+-------+-------+-------+-------++-------
  Melee: War axe           |    64 |   122 |   318 |   126 ||   630
         Battleaxe         |       |       |       |   308 ||   308
  Throw: Dart              |       |       |       |     9 ||     9
         Boomerang         |       |       |       |    15 ||    15
 Invoke: Upheaval          |       |       |       |     1 ||     1
Ability: Dig               |       |     1 |       |     1 ||     2
  Evoke: Wand              |       |       |       |    13 ||    13
    Use: Scroll            |       |       |    10 |     3 ||    13
         Potion            |       |       |       |     2 ||     2
 Armour: Scale mail        |    49 |    21 |       |       ||    70
         Plate armour      |       |    93 |   281 |   400 ||   774
  Dodge: Dodged            |    47 |    40 |    89 |   136 ||   312
  Block: Buckler           |    16 |    44 |    79 |   135 ||   274
